 Dungeon Crawl Stone Soup version 0.24.0-1-gfbc8707122 (webtiles) character file.

Game seed: 4846078415641314512, levelgen mode: deterministic

310 Froggeryz the Cutter (level 6, -5/40 HPs)
             Began as a Kobold Chaos Knight on Oct 26, 2019.
             Was a Plaything of Xom.
             Slain by a worker ant (6 damage)
             ... on level 4 of the Dungeon.
             The game lasted 00:05:38 (2870 turns).

Froggeryz the Cutter (Kobold Chaos Knight)          Turns: 2870, Time: 00:05:39

Health: -5/40      AC:  4    Str: 10    XL:     6   Next: 70%
Magic:  6/6        EV: 15    Int: 18    God:    Xom [.....*]
Gold:   286        SH:  0    Dex: 16    Spells: 5/5 levels left

rFire    . . .     SeeInvis .   a - +0 short sword (chaos)
rCold    . . .     Gourm    .   (shield restricted)
rNeg     . . .     Faith    .   b - +2 leather armour
rPois    .         Spirit   .   j - +0 helmet
rElec    .         Reflect  .   (no cloak)
rCorr    .         Harm     .   (no gloves)
MR       .....     Rnd*Tele +   (no boots)
Stlth    +.........             (no amulet)
HPRegen  0.13/turn              (no ring)
MPRegen  0.10/turn              (no ring)

@: brilliant
A: small, carnivore, deformed body, teleportitis 1
a: Renounce Religion


You were on level 4 of the Dungeon.
You worshipped Xom.
You were Xom's teddy bear.
You were completely stuffed.

You visited 1 branch of the dungeon, and saw 4 of its levels.

You collected 286 gold pieces.

Inventory:

Hand Weapons
 a - a +0 short sword of chaos (weapon)
 k - a +1 dagger of holy wrath
 s - a +1 falchion of holy wrath
Missiles
 n - 18 poisoned darts (quivered)
 q - 8 boomerangs
Armour
 b - a +2 leather armour (worn)
 f - a +1 robe of the Archmagi
 j - a +0 helmet (worn)
Scrolls
 e - 2 scrolls of fog {unknown}
 g - 2 scrolls of teleportation {unknown}
 h - a scroll of magic mapping {unknown}
 o - a scroll of remove curse {unknown}
 p - a scroll of amnesia {unknown}
 t - 2 scrolls of identify
Potions
 d - a potion of magic
 l - a potion of brilliance
 m - a potion of curing {unknown}
 r - a potion of berserk rage {unknown}
 u - a potion of lignification {unknown}
Comestibles
 c - 11 rations


   Skills:
 + Level 5.1 Fighting
 * Level 7.9 Short Blades
 - Level 0.7 Armour
 - Level 2.4 Dodging


You had 5 spell levels left.
You didn't know any spells.
Your spell library was empty.

Dungeon Overview and Level Annotations

Branches:
Dungeon (4/15)
 Temple: D:4-7

Altars:
Ashenzari
Cheibriados
Wu Jian

Shops:
D:4 (


Innate Abilities, Weirdness & Mutations

You are small and have problems with some larger weapons.
You are carnivorous and can eat meat at any time.
Armour fits poorly on your strangely shaped body.
You are occasionally teleported next to monsters.


Message History

The worker ant is lightly wounded.
The worker ant misses you.
You closely miss the worker ant.
The worker ant is lightly wounded.
The worker ant misses you. The worker ant barely misses you.
You hit the worker ant but do no damage.
The worker ant flickers and vanishes!
Deactivating autopickup; reactivate with Ctrl-A.
Something bites you.
* * * LOW HITPOINT WARNING * * *
You closely miss something. Something barely misses you.
You closely miss something. Something bites you.
* * * LOW HITPOINT WARNING * * *
It was a potion of mutation.
You feel extremely strange.
You feel weirdly uncertain.
You feel frail.
Your body twists and deforms.
You feel robust. Something bites you!
* * * LOW HITPOINT WARNING * * *
Something bites you.
You die...

... ..... .#
.......... .#
...... ... ..#
#.... #.# .((#
##....##.####.?.##
....b....b........
.........<).....(.
................).
.......@{.........
.............8....
.......b..........
......(...........
##########.##∩####
#.# ..# ... ... ..


There were no monsters in sight!

Vanquished Creatures
  An ogre (D:4)
  A scorpion (D:2)
  Robin (D:2)
  7 adders
  An ooze (D:3)
  2 worms
  3 dart slugs (D:2)
  3 leopard geckos
  5 orcs (D:3)
  10 bats
  A giant cockroach (D:1)
  16 goblins
  6 hobgoblins
  11 jackals
  8 kobolds
  A quokka (D:3)
  6 frilled lizards
  5 rats
88 creatures vanquished.

Vanquished Creatures (collateral kills)
  A rat (D:3)
1 creature vanquished.

Vanquished Creatures (others)
  5 toadstools (D:2)
5 creatures vanquished.

Grand Total: 94 creatures vanquished

Notes
Turn   | Place    | Note
-------+----------+-------------------------------------------
     0 | D:1      | Froggeryz the Kobold Chaos Knight began the quest for the
                  | Orb.
     0 | D:1      | Reached XP level 1. HP: 14/14 MP: 1/1
    60 | D:1      | XOM: divination: detect items
   156 | D:1      | Reached XP level 2. HP: 17/19 MP: 2/2
   246 | D:1      | XOM: harmless Summ miscast
   294 | D:1      | XOM: confuse monster(s)
   709 | D:2      | XOM: butterfly on damage
   749 | D:2      | Reached XP level 3. HP: 22/24 MP: 3/3
   768 | D:2      | Reached skill level 5 in Short Blades
   971 | D:2      | Reached XP level 4. HP: 20/29 MP: 4/4
   974 | D:2      | XOM: divination: detect items
  1117 | D:2      | Reached skill level 6 in Short Blades
  1117 | D:2      | Reached XP level 5. HP: 32/33 MP: 5/5
  1311 | D:2      | Noticed Robin
  1366 | D:2      | Killed Robin
  1591 | D:2      | Found an ornate altar of the Wu Jian Council.
  1878 | D:3      | XOM: cast spell 'Shadow Creatures'
  1883 | D:3      | Reached skill level 7 in Short Blades
  1896 | D:3      | XOM: harmless Tmut miscast
  2214 | D:2      | XOM: mild Fire miscast
  2227 | D:3      | Reached XP level 6. HP: 26/39 MP: 6/6
  2340 | D:3      | Found a shattered altar of Ashenzari.
  2607 | D:3      | Found a snail-covered altar of Cheibriados.
  2676 | D:3      | XOM: smoke on damage
  2736 | D:3      | XOM: god gift: ration
  2846 | D:4      | Found Qudeik's Antique Weapon Shoppe.
  2847 | D:4      | Noticed an ogre
  2851 | D:4      | XOM: confusion
  2858 | D:4      | XOM: butterfly on damage
  2861 | D:4      | Killed an ogre
  2861 | D:4      | Reached skill level 5 in Fighting
  2870 | D:4      | Gained mutation: You are occasionally teleported next to
                  | monsters. [potion of mutation]
  2870 | D:4      | Gained mutation: You are frail. (-10% HP) [potion of
                  | mutation]
  2870 | D:4      | Gained mutation: Armour fits poorly on your strangely
                  | shaped body. [potion of mutation]
  2870 | D:4      | Lost mutation: You are frail. (-10% HP) [potion of
                  | mutation]
  2870 | D:4      | HP: 1/40 [something (7)]
  2870 | D:4      | Slain by a worker ant

Levels and vault maps discovered:
D:1:      psy_arrival_statuary, layout_loops_cross, serial_forest,
          infiniplex_forest_zigzag_2, infiniplex_forest_clump_tiny,
          infiniplex_forest_clump_C, infiniplex_forest_straight_2,
          infiniplex_forest_end_double, infiniplex_forest_clump_tiny
D:2:      layout_basic, marbit_many_paths, first_ration, chequers_jeans,
          minmay_gold_behind_fungi, kennysheep_generic_room_14, uniq_robin
D:3:      layout_basic, old_standard_altar, lemuel_coloured_pillars_altar
D:4:      layout_gridville, makhleb_heckhound_becter, serial_shops, shop_statue,
          minmay_tree_intersection, chequers_serial_rivers_micro_b,
          minmay_pentangle

Skill      XL: |  1  2  3  4  5  6 |
---------------+-------------------+-----
Short Blades   | 5 6 7 |  7.9
Fighting       | 4 5 |  5.1
Armour         | |  0.7
Dodging        | |  2.4

Action                   |  1- 3 |  4- 6 || total
-------------------------+-------+-------++-------
Melee: Short sword       |    96 |   229 ||   325
Throw: Dart              |       |    16 ||    16
  Use: Potion            |     1 |     2 ||     3
       Scroll            |     1 |       ||     1
 Stab: Sleeping          |     2 |       ||     2
       Petrified         |     2 |       ||     2
       Confused          |     1 |       ||     1
       Petrifying        |     1 |       ||     1
  Eat: Chunk             |     9 |     6 ||    15
Armor: Leather armour    |    20 |    67 ||    87
Dodge: Dodged            |    58 |   154 ||   212
